 Dungeon Crawl Stone Soup version 0.29.0-4-gdea44cf6ec (webtiles) character file.

Game seed: 7594481514499612818

28 qw the Chopper (level 3, -8/21 HPs)
             Began as a Tengu Warper on Aug 28, 2022.
             Mangled by Sigmund
             ... wielding a +4 scythe of protection
              (13 damage)
             ... on level 2 of the Dungeon.
             The game lasted 00:00:07 (1035 turns).

qw the Chopper (Tengu Warper)                       Turns: 1035, Time: 00:00:07

Health: -8/21      AC: 10    Str: 13    XL:     3   Next: 14%
Magic:  7/7        EV:  3    Int: 13    God:
Gold:   31         SH:  0    Dex: 13    Spells: 6/6 levels left

rFire   . . .      SeeInvis .   Y - +0 hand axe
rCold   . . .      Faith    .   (no shield)
rNeg    . . .      Spirit   .   k - +0 plate armour
rPois   .          Reflect  .   (helmet restricted)
rElec   .          Harm     .   (no cloak)
rCorr   .          Rampage  .   (no gloves)
Will    .....                   (boots unavailable)
Stlth   ..........              (no amulet)
HPRegen 0.07/turn               (no ring)
MPRegen 0.10/turn               (no ring)

@: no status effects
A: beak, talons 3
a: no special abilities


You were on level 2 of the Dungeon.
You visited 1 branch of the dungeon, and saw 2 of its levels.

You collected 31 gold pieces.


Innate Abilities, Weirdness & Mutations

You have a beak for a mouth.
You have claws for feet.


   Skills:
 - Level 2.0 Fighting
 + Level 3.9 Axes
 - Level 1.0 Throwing
 - Level 1.1 Armour
 - Level 2.1 Dodging
 - Level 2.0 Spellcasting
 - Level 2.4 Translocations


You had 6 spell levels left.
You didn't know any spells.
Your spell library contained the following spells:

 Spells                   Type           Power      Damage    Failure   Level
 Blink                    Tloc           14%        N/A       100%        2
 Gell's Gravitas          Tloc           7%         N/A       100%        3
 Lesser Beckoning         Tloc           7%         N/A       100%        3
 Teleport Other           Tloc           7%         N/A       100%        3
 Manifold Assault         Tloc           7%         N/A       100%        5

Inventory:

Hand Weapons
 j - a +0 mace
 Y - a +0 hand axe (weapon)
Armour
 k - a +0 plate armour (worn)
Scrolls
 a - a scroll of identify
Potions
 e - a potion of degeneration {unknown}
 h - a potion of brilliance {unknown}
 n - a potion of cancellation {unknown}
 o - a potion of resistance {unknown}

Dungeon Overview and Level Annotations

Branches:
Dungeon (2/15)

Altars:

Annotations:
D:2 Sigmund


Message History

You start resting.
HP restored.
A goblin comes into view. It is wielding a +0 dagger.
The goblin shouts!
You hear a shout! x2
Sigmund the Dreaded comes into view.
He is wielding a +4 scythe of protection.
Enter note:
Enter note:
Enter note:
1026 ||| Stepping ~*~*~tactically~*~*~ (stealth).
A goblin comes into view. It is wielding a +0 dagger.
Sigmund shouts!
You hear a shout! x3
Sigmund gestures at you while chanting. The puff of flame hits you.
A goblin comes into view. It is wielding a +0 dagger.
You hear a shout!
Found an encrusted ivory ring.
You hear a bark!
You hit the goblin. Your kick misses the goblin. Your peck misses the goblin.
The goblin is severely wounded.
The goblin hits you with a +0 dagger.
You hit the goblin.
You kill the goblin!
You closely miss the goblin. Sigmund hits you but does no damage.
The goblin hits you with a +0 dagger.
You barely miss the goblin. You peck the goblin.
You kill the goblin!
You hit the goblin. The goblin hits you with a +0 dagger.
Sigmund hits you from afar with a +4 scythe of protection.
You hit the goblin.
You kill the goblin!
A jackal comes into view.
Sigmund hits you from afar with a +4 scythe of protection.
Found a stone staircase leading down.
You see here a +0 dagger.
You hit Sigmund. Your kick misses Sigmund.
Sigmund is lightly wounded.
Sigmund hits you with a +4 scythe of protection!
Ouch! That really hurt!
You die...

.# ####..... .#
#.#.#.... #.#
#...#....
####.#####..##....
#..........#####.#
#...###....# #.# #
#.......#### #.#
#.#)...####
######.# #..@..##
.........
#.h$@...#
#########
>............
.........
#=.#..########
########. ## #..
## #.. # #. ####
#. #... ##..


You could see Sigmund and a jackal.

Vanquished Creatures
  A ball python (D:2)
  2 endoplasms (D:1)
  2 giant cockroaches
  5 goblins
  A hobgoblin (D:1)
  3 jackals (D:1)
  2 kobolds
  2 bats (D:1)
  3 frilled lizards
  5 rats
26 creatures vanquished.

Vanquished Creatures (others)
  2 plants (D:2)
2 creatures vanquished.

Grand Total: 28 creatures vanquished

Notes
Turn   | Place    | Note
-------+----------+-------------------------------------------
     0 | D:1      | qw the Tengu Warper began the quest for the Orb.
     0 | D:1      | Reached XP level 1. HP: 12/12 MP: 4/4
     0 | D:1      | 0 ||| qw: Version: 0.1-a-89-g26bdef1
     0 | D:1      | 0 ||| qw: Game counter: 428
     0 | D:1      | 0 ||| qw: Always use a shield: true
     0 | D:1      | 0 ||| qw: God list: Okawaru
     0 | D:1      | 0 ||| qw: Allow faded altars: false
     0 | D:1      | 0 ||| qw: Do Orc after D:15 true
     0 | D:1      | 0 ||| qw: Do second Lair branch before Depths: true
     0 | D:1      | 0 ||| qw: Lair rune preference: random
     0 | D:1      | 0 ||| qw: Plans: Normal
     0 | D:1      | 0 ||| PLANNING D:1-11
   154 | D:1      | Reached skill level 3 in Axes
   154 | D:1      | Reached XP level 2. HP: 14/17 MP: 6/6
   474 | D:1      | 474 ||| DROPPING +0 club.
   713 | D:1      | 713 ||| UPGRADING to +0 plate armour.
   723 | D:1      | 723 ||| DROPPING +0 leather armour.
   724 | D:1      | 724 ||| READING scroll labelled CYEREF GESENT.
   725 | D:1      | 725 ||| READING scroll labelled ETWOGEKK ISCHOS.
   726 | D:1      | 726 ||| READING scroll labelled MUF SIAFOACS.
   730 | D:1      | 730 ||| READING scroll labelled NUPUOG TOEPIHU.
   731 | D:1      | 731 ||| READING scroll labelled WAILOO HUNTEAG.
   732 | D:1      | 732 ||| READING scroll labelled GIS KIXIJUUNT.
   859 | D:1      | 859 ||| READING scroll labelled ZAMOLY QERA.
   860 | D:1      | 860 ||| DROPPING scroll of blinking.
   976 | D:2      | 976 ||| Stepping ~*~*~tactically~*~*~ (stealth).
   986 | D:2      | Reached XP level 3. HP: 20/21 MP: 7/7
  1025 | D:2      | Noticed Sigmund
  1026 | D:2      | 1026 ||| Stepping ~*~*~tactically~*~*~ (stealth).
  1033 | D:2      | HP: 5/21 [Sigmund/+4 scythe of protection (6)]
  1035 | D:2      | Mangled by Sigmund

Levels and vault maps discovered:
D:1:      dpeg_arrival_simpleton_b, layout_basic
D:2:      cheibrodos_pilgrimage, layout_basic,
          shapermc_ecumenical_altar_hornbeckon, moated_statue,
          patterned_corridor, uniq_sigmund, uniq_robin

Skill      XL: |  1 |
---------------+----+-----
Axes           | 3 |  3.9
Fighting       | |  2.0
Throwing       | |  1.0
Armour         | |  1.1
Dodging        | |  2.1
Spellcasting   | |  2.0
Translocations | |  2.4

Action                   || total
-------------------------++-------
Melee: Hand axe          ||    52
       Kick              ||     6
       Peck              ||     3
Throw: Boomerang         ||     7
  Use: Scroll            ||     7
Armor: Leather armour    ||     6
       Plate armour      ||    11
Dodge: Dodged            ||     9

Table legend:
 A = Non-vault XP
 B = Vault XP
 C = Vault XP percentage of total XP
 D = Non-vault monster count
 E = Vault monster count
 F = Vault count percentage of total count
                 A         B        C        D         E       F
            +---------+---------+-------+---------+---------+-------
      Total |      35 |       6 |  14.6 |      23 |       3 |  11.5
            +---------+---------+-------+---------+---------+-------
        D:1 |      25 |       0 |   0.0 |      16 |       0 |   0.0
        D:2 |      10 |       6 |  37.5 |       7 |       3 |  30.0
            +---------+---------+-------+---------+---------+-------
